 Seeded DCSS version 0.30.0-15-g856e2d3f33 (webtiles) character file.

Game seed: 266710135376607070 (custom seed)

88 Pimp the Shooter (level 4, -2/35 HPs)
             Began as a Barachi Hunter on May 18, 2023.
             Slain by a gnoll
             ... wielding a +0 halberd
              (8 damage)
             ... on level 3 of the Dungeon.
             The game lasted 00:02:15 (1200 turns).

Pimp the Shooter (Barachi Hunter)                   Turns: 1200, Time: 00:02:16

Health: -2/35      AC:  3    Str: 13    XL:     4   Next: 53%
Magic:  4/4        EV: 13    Int:  9    God:
Gold:   944        SH:  0    Dex: 17    Spells: 3/3 levels left

rFire   . . .        a - +0 shortbow
rCold   . . .        (shield currently unavailable)
rNeg    . . .        c - +0 leather armour
rPois   .            (no helmet)
rElec   .            o - scarf {repulsion}
rCorr   .            (no gloves)
SInv    .            (no boots)
Will    .....        (no amulet)
Stlth   ++           (no ring)
HPRegen 0.25/turn    (no ring)
MPRegen 0.09/turn

%: repel missiles
@: slow
A: amphibious, slowness 1, strong legs 1, +LOS
a: Hop


You were on level 3 of the Dungeon.
You visited 1 branch of the dungeon, and saw 3 of its levels.

You collected 944 gold pieces.

Inventory:

Hand Weapons
 a - a +0 shortbow (weapon)
Armour
 c - a +0 leather armour (worn)
 o - a scarf of repulsion (worn)
Jewellery
 d - a ring of fire
 p - a ring of fire
Scrolls
 b - a scroll of immolation
 f - 5 scrolls of identify
 h - 2 scrolls of blinking
 l - a scroll of vulnerability {unknown}
Potions
 e - a potion of brilliance {unknown}
 g - 2 potions of degeneration
 i - 4 potions of curing {unknown}
 j - a potion of lignification {unknown}
 k - 3 potions of attraction {unknown}
 m - a potion of mutation {unknown}
 n - a potion of berserk rage {unknown}
 q - a potion of ambrosia {unknown}


   Skills:
 + Level 3.5 Fighting
 + Level 4.4 Ranged Weapons
 + Level 3.1 Dodging
 + Level 2.1 Stealth


You had 3 spell levels left.
You didn't know any spells.
Your spell library was empty.

Dungeon Overview and Level Annotations

Branches:
Dungeon (3/15)

Altars:


Innate Abilities, Weirdness & Mutations

You are amphibious.
You cover ground slowly.
You can hop short distances.
You have an extended range of vision and can be seen from far away.


Message History

A gnoll comes into view. It is wielding a +0 spear.
Found an escape hatch in the floor.
A gnoll is nearby!
A gnoll is nearby!
You shoot an arrow. The arrow hits the gnoll.
The gnoll is moderately wounded.
You shoot an arrow. The arrow completely misses the gnoll.
You shoot an arrow. The arrow hits the gnoll!
You kill the gnoll!
No target in view!
No target in view!
You now have 944 gold pieces (gained 10).
You see here a +2 vampiric whip.
A gnoll comes into view. It is wielding a +4 whip.
Found a falchion.
A gnoll is nearby!
A gnoll is nearby!
You shoot an arrow. The arrow hits the gnoll.
The gnoll shouts!
The gnoll is moderately wounded.
You shoot an arrow. The arrow closely misses the gnoll.
You hear a shout! x2
An adder comes into view.
You shoot an arrow. The arrow barely misses the gnoll.
You shoot an arrow. The arrow closely misses the gnoll.
The gnoll hits you with a +4 whip!
A gnoll comes into view. It is wielding a +0 halberd.
You shoot an arrow. The arrow hits the gnoll.
The gnoll is heavily wounded.
The gnoll hits you with a +4 whip!
The gnoll hits you from afar with a +0 halberd!
* * * LOW HITPOINT WARNING * * *
You are too injured to fight recklessly!
You are too injured to fight recklessly!
You are too injured to fight recklessly!
The gnoll attacks as you move away! The gnoll hits you with a +4 whip.
* * * LOW HITPOINT WARNING * * *
A gnoll comes into view. It is wielding a +0 club.
The gnoll hits you from afar with a +0 halberd!
You die...

.........).#.##.......
.....>... ..........
....... #........ # .....
#.......[ ##.# .g!..
#<....... #....## #S##.#.#
#........ #......##g##...#
#........ #......)#g#
#..###........
####.....@###...##........
#..##....###............
#. ##....##.#.........# #
#.....#.#.†<†.....#
##.................
#.................
#...........).....
##................
#....#.#...........


You could see 3 gnolls and an adder.

Vanquished Creatures
  A gnoll (D:3)
  3 adders (D:2)
  2 worms (D:2)
  A dart slug (D:1)
  7 endoplasms
  A giant cockroach (D:2)
  3 goblins (D:1)
  7 hobgoblins
  2 quokkas (D:1)
  4 ball pythons
  3 bats
  2 kobolds (D:3)
  9 rats
45 creatures vanquished.

Notes
Turn   | Place    | Note
-------+----------+-------------------------------------------
     0 | D:1      | Pimp the Barachi Hunter began the quest for the Orb.
     0 | D:1      | Reached XP level 1. HP: 17/17 MP: 1/1
    81 | D:1      | Reached skill level 1 in Stealth
    87 | D:1      | Reached XP level 2. HP: 16/23 MP: 2/2
   560 | D:2      | Reached XP level 3. HP: 29/29 MP: 3/3
   951 | D:2      | Reached XP level 4. HP: 35/35 MP: 4/4
  1111 | D:2      | Identified a scroll of acquirement
  1111 | D:2      | Acquired 847 gold pieces
  1200 | D:3      | Slain by a gnoll

Illustrated notes

Levels and vault maps discovered:
D:1:      wander_arrival_estate, layout_basic, st_stairs_9,
          minmay_tiny_reverse_x
D:2:      layout_basic
D:3:      layout_rooms, serial_shops, shop, roderic_serpentine_path

Skill      XL: |  1  2  3 |
---------------+----------+-----
Stealth        | 1 2 |  2.1
Fighting       | 3 |  3.5
Dodging        | 3 |  3.1
Ranged Weapons | |  4.4

Action                     |  1- 3 |  4- 6 || total
---------------------------+-------+-------++-------
   Fire: Shortbow          |    80 |    34 ||   114
    Use: Scroll            |     3 |     2 ||     5
 Armour: Leather armour    |     5 |     2 ||     7
  Dodge: Dodged            |     9 |     7 ||    16
